 Dungeon Crawl Stone Soup version 0.31.0-9-g3a7656b989 (webtiles) character file.

Game seed: 1695962295827228222

9 Colgate the Poker (level 2, 18/24 HPs)
             Began as a Demonspawn Cinder Acolyte on Feb 2, 2024.
             Was a High Priest of Ignis.
             Quit the game on level 1 of the Dungeon.
             The game lasted 00:00:16 (337 turns).

Colgate the Poker (Demonspawn Cinder Acolyte)        Turns: 337, Time: 00:00:17

Health: 18/24      AC:  2    Str: 14    XL:     2   Next: 3%
Magic:  3/3        EV: 11    Int: 14    God:    Ignis [*****.]
Gold:   17         SH:  0    Dex:  8    Spells: 3/3 levels left

rFire   + . .        a - -1 spear (flame)
rCold   . . .        (no shield)
rNeg    . . .        b - +0 robe
rPois   .            (helmet restricted)
rElec   .            (no cloak)
rCorr   .            (no gloves)
SInv    .            (no boots)
Will    .....        (no amulet)
Stlth   +            (no ring)
HPRegen 0.24/turn    (no ring)
MPRegen 0.08/turn

%: no passive effects
@: no status effects
A: horns 1
a: Renounce Religion, Fiery Armour, Foxfire Swarm, Rising Flame


You were on level 1 of the Dungeon.
You worshipped Ignis.
Ignis was extremely pleased with you.
You visited 1 branch of the dungeon, and saw 1 of its levels.

You collected 17 gold pieces.

Inventory:

Hand Weapons
 a - a -1 spear of flaming (weapon)
Armour
 b - a +0 robe (worn)
Scrolls
 d - a scroll of silence {unknown}
 e - a scroll of fog {unknown}
Potions
 c - a potion of haste {unknown}


   Skills:
 - Level 3.0 Fighting
 + Level 3.2 Polearms
 - Level 1.0 Spellcasting
 - Level 2.6 Fire Magic


You had 3 spell levels left.
You didn't know any spells.
Your spell library contained the following spells:

 Spells                   Type           Power      Damage    Failure   Level
 Scorch                   Fire           16%        2d5       13%         2
 Shock                    Conj/Air       0%         1d3       26%         1
 Cigotuvi's Dreadful Rot  Necr/Alch/Air  0%         N/A       36%         2
 Swiftness                Air            0%         N/A       61%         3
 Airstrike                Air            0%         2d(0-16)  95%         4
 Dispel Undead            Necr           0%         3d6       95%         4
 Martyr's Knell           Necr/Summ      0%         N/A       95%         4
 Death Channel            Necr           0%         N/A       100%        6


Dungeon Overview and Level Annotations

Branches:
Dungeon (1/15)

Altars:


Innate Abilities, Weirdness & Mutations

You have a pair of small horns on your head.


Message History

The jackal barks! x2
There are monsters nearby!
You hit the jackal. You burn the jackal.
There are monsters nearby!
You closely miss the jackal. The jackal bites you.
The jackal barely misses you. The jackal closely misses you.
There are monsters nearby!
You barely miss the jackal. The jackal completely misses you.
The jackal barely misses you.
There are monsters nearby!
You closely miss the jackal. The jackal barely misses you.
The jackal bites you.
There are monsters nearby!
You completely miss the jackal.
The jackal bites you but does no damage. x2
The jackal closely misses you. The jackal barely misses you.
There are monsters nearby!
You hit the jackal. You burn the jackal.
You kill the jackal!
The jackal bites you but does no damage.
A jackal is nearby!
You hit the jackal. You burn the jackal.
The jackal bites you but does no damage.
A jackal is nearby!
You hit the jackal but do no damage. The jackal bites you.
The jackal barely misses you.
A jackal is nearby!
You completely miss the jackal.
The jackal bites you but does no damage.
A jackal is nearby!
You hit the jackal but do no damage. The jackal barely misses you.
A jackal is nearby!
You closely miss the jackal. The jackal misses you.
A jackal is nearby!
You hit the jackal. You burn the jackal.
You kill the jackal!
You have reached level 2!
Your demonic ancestry asserts itself...
A pair of horns grows on your head!
Are you sure you want to abandon this character and quit the game? (Confirm with "yes".)

# #.#
#.........#.....#
#.## #.#
#.........#.....#
#..# #.#
#.........#.....#
##.. #.#
#.........#.....# ##.
#.# #.........#.....#
## #.#
#.........##+#### #
#.# #.........#
#.######.........##.#
#..(.....#+##@......#
#........# #.#######
#........+ #.#
##.......# #.#
#.......# #.#
#.......# #.#
#.......# #.#
#.......# #.#
#########


There were no monsters in sight!

Vanquished Creatures
  An endoplasm (D:1)
  A hobgoblin (D:1)
  2 jackals (D:1)
  A kobold (D:1)
  2 bats (D:1)
  A rat (D:1)
8 creatures vanquished.

Notes
Turn   | Place    | Note
-------+----------+-------------------------------------------
     0 | D:1      | Colgate the Demonspawn Cinder Acolyte began the quest for
                  | the Orb.
     0 | D:1      | Reached XP level 1. HP: 18/18 MP: 2/2
   337 | D:1      | Gained mutation: You have a pair of small horns on your
                  | head. [demonic ancestry]
   337 | D:1      | Reached XP level 2. HP: 18/24 MP: 3/3
   337 | D:1      | Quit the game

Illustrated notes

Levels and vault maps discovered:
D:1:      saegor_arrival_simple_b, layout_basic,
          hellmonk_ecumenical_altar_inner_sanctum, minmay_lizard_king

Skill      XL: |  1 |
---------------+----+-----
Polearms       | 3 |  3.2
Fighting       | |  3.0
Spellcasting   | |  1.0
Fire Magic     | |  2.6

Action                     || total
---------------------------++-------
  Melee: Spear             ||    29
   Stab: Sleeping          ||     1
 Armour: Robe              ||    13
  Dodge: Dodged            ||    18
